Map: Bridgehead LE (Void)

Players

wabbajack - Winner!

  • Race: Zerg Zerg
  • League: Gold

ExNihilo

  • Race: Zerg Zerg
  • League: Grandmaster

VOD

Have the link to the VOD?

Description

Time

  • Played on: July 20, 2015, 10:30 a.m.
  • Length: 8:21
Show
View Real Time Build Order
Export as new Build Order

wabbajack Zerg - Winner!

Build Orders: Pool First 

Get SALT Encoding   

  12  0:01  Drone  
  13  0:09  Drone  
  14  0:29  Spawning Pool  
  14  0:33  Drone  
  14  0:38  Extractor  
  14  0:39  Drone  
  14  0:40  Extractor  
  14  0:44  Extractor  
  14  0:45  Drone  
  15  0:50  Overlord  
  15  1:09  Drone x2  
  17  1:16  Queen  
  19  1:19  Drone  
  20  1:28  Overlord  
  20  1:39  Spine Crawler  
  19  1:41  Drone  
  20  1:48  Roach Warren  
  19  2:00  Drone x2  
  21  2:20  Overlord  
  21  2:28  Roach x3  
  21  2:29  Roach  
  29  2:36  Extractor  
  30  2:37  Roach  
  31  2:51  Hatchery  
  30  3:01  Drone  
  31  3:13  Overlord  
  31  3:15  Metabolic Boost  
  31  3:16  Queen  
  33  3:25  Overlord  
  33  3:33  Drone x3  
  36  4:07  Roach x6  
  36  4:08  Roach  
  50  4:16  Overlord  
  50  4:31  Roach  
  50  4:32  Roach x3  
  58  4:41  Overlord  
  58  4:43  Overlord  
  58  4:50  Drone  
  58  4:51  Drone  
  60  4:55  Spine Crawler  
  60  4:56  Drone  
  60  5:12  Zergling x2  
  60  5:13  Zergling x12  
  67  5:20  Zergling x2  
  69  5:21  Zergling x8  
  69  5:24  Overlord  
  72  5:36  Overlord  
  72  5:40  Zergling x2  
  72  5:41  Zergling x6  
  76  6:04  Zergling x2  
  76  6:05  Zergling x20  
  84  6:29  Spore Crawler  
  84  6:30  Spore Crawler  
  84  6:31  Spore Crawler  
  81  6:33  Drone x3  
  81  6:37  Spore Crawler  
  81  6:39  Spore Crawler x2, Drone x3  
  85  6:40  Drone  
  63  7:06  Lair  
  47  7:09  Spore Crawler  
  47  7:10  Extractor  
  47  7:11  Extractor  
  47  7:12  Drone x7  
  47  7:13  Extractor  
  36  7:48  Drone x2  
  36  7:50  Drone x2  
  36  7:51  Drone x2  
  42  7:52  Drone x3  
  42  7:53  Drone x3  
  48  8:14  Hydralisk Den  
  48  8:17  Spore Crawler  
Show
View Real Time Build Order
Export as new Build Order

ExNihilo Zerg 

Build Orders: Hatch First 

Get SALT Encoding   

  12  0:01  Drone  
  13  0:13  Overlord  
  13  0:18  Drone  
  14  0:33  Drone x2  
  16  0:55  Hatchery  
  15  1:11  Spawning Pool  
  14  1:14  Extractor  
  14  1:16  Drone  
  14  1:17  Drone x2  
  16  1:58  Queen  
  16  1:59  Zergling x2  
  16  2:00  Zergling x4  
  21  2:07  Queen  
  23  2:08  Drone  
  24  2:30  Metabolic Boost  
  24  2:35  Drone x2  
  26  2:37  Hatchery, Drone  
  26  2:50  Overlord  
  26  2:52  Overlord  
  25  3:15  Lair  
  25  3:18  Extractor  
  24  3:20  Drone  
  24  3:21  Drone x4  
  29  3:44  Drone x2  
  31  3:54  Drone, Spine Crawler, Queen  
  33  3:57  Drone x2  
  35  4:04  Drone  
  35  4:05  Drone x2  
  38  4:15  Spore Crawler  
  37  4:23  Spire  
  36  4:25  Extractor  
  36  4:26  Drone  
  36  4:28  Drone, Extractor  
  36  4:41  Drone x3  
  39  4:58  Drone  
  40  5:17  Drone x7  
  40  5:18  Drone  
  40  5:21  Drone x2  
  50  5:23  Overlord x4  
  50  5:29  Spine Crawler  
  50  5:35  Spine Crawler  
  48  5:49  Mutalisk x4  
  51  5:52  Mutalisk  
  56  6:13  Mutalisk  
  56  6:14  Mutalisk x2  
  62  6:21  Mutalisk x3  
  58  6:35  Mutalisk  
  45  6:46  Mutalisk  
  26  7:52  Drone x4  
  26  7:55  Drone x3  
Tags
 
Add a new tag
Caveats
  • Supply blocks, unpowered buildings, or Contaminate may cause inaccurate times.
  • Supply counts are checked every 10 seconds.